 Dungeon Crawl Stone Soup version 0.28-b1-1-g3c77fb2ed1 (webtiles) character file.

Game seed: 750630170697175464

6720 croobank the Covered (level 11, -23/57 HPs)
             Began as a Gargoyle Hedge Wizard on Jan 30, 2022.
             Was a Follower of Hepliaklqana.
             Killed from afar by a centaur (42 damage)
             ... with a bolt of acid
             ... on level 9 of the Dungeon.
             The game lasted 00:47:37 (11029 turns).

croobank the Covered (Gargoyle Hedge Wizard)       Turns: 11029, Time: 00:47:38

Health: -23/57     AC: 23    Str: 32    XL:     11   Next: 4%
Magic:  25/25      EV:  9    Int: 17    God:    Hepliaklqana [*.....]
Gold:   696        SH:  0    Dex: 11    Spells: 12/17 levels left

rFire   . . .      SeeInvis .   a - +10 falchion of Futuegam {pain, Str+6}
rCold   + . .      Faith    .   (no shield)
rNeg    + + +      Spirit   .   f - +0 plate armour
rPois   ∞          Reflect  .   s - +0 helmet
rElec   +          Harm     .   O - +0 cloak
rCorr   .          Rampage  .   m - +1 pair of gloves of Impermeability {rC+ rN+++ MP+9}
Will    .....                   n - +0 pair of boots
Stlth   ..........              (no amulet)
HPRegen 0.19/turn               w - +6 ring of strength
MPRegen 0.19/turn               D - +6 ring of strength

@: corroded
A: reduced essence, sickness immunity, AC +8, negative energy resistance 1,
electricity resistance, torment resistance 1, petrification resistance
a: Renounce Religion, Recall Ancestor, Ancestor Identity


You were on level 9 of the Dungeon.
You worshipped Hepliaklqana.
Hepliaklqana was aware of your devotion.
You visited 2 branches of the dungeon, and saw 10 of its levels.
You also visited: Ossuary.

You collected 794 gold pieces.
You spent 98 gold pieces at shops.

Inventory:

Hand Weapons
 a - the +10 falchion of Futuegam (weapon) {pain, Str+6}
   (You found it on level 5 of the Dungeon)

   In the hands of one skilled in necromantic magic, it inflicts extra damage on
   living creatures.
   Str:       It affects your strength (+6).
 b - a +0 hunting sling of freezing
 e - a +0 war axe of draining
 I - a +0 whip of draining
 M - a +1 dagger of distortion
 N - a +4 quarterstaff of chaos
 Q - the +4 whip "Derilloq" {vorpal, rC++ Int+5}
   (You found it on level 6 of the Dungeon)

   It inflicts extra damage upon your enemies.
   Int:       It affects your intelligence (+5).
   rC:        It greatly protects you from cold.
Missiles
 j - 18 sling bullets
 k - 41 bolts
 o - 268 stones
 A - 109 arrows
Armour
 c - a +0 hat
 f - a +0 plate armour (worn)
 g - a +0 kite shield
 i - a +0 leather armour
 m - the +1 pair of gloves of Impermeability (worn) {rC+ rN+++ MP+9}
   (You acquired it on level 5 of the Dungeon)

   rC:        It protects you from cold.
   rN:        It renders you almost immune to negative energy.
   MP:        It affects your magic capacity (+9).
 n - a +0 pair of boots (worn)
 s - a +0 helmet (worn)
 t - a +0 robe
 x - a +0 chain mail
 O - a +0 cloak (worn)
 U - a +0 troll leather armour
Magical Staves
 q - a staff of death
Jewellery
 v - a ring of flight
 w - a +6 ring of strength (left hand)
 D - a +6 ring of strength (right hand)
 E - a +4 ring of slaying
Wands
 S - a wand of polymorph (11)
Scrolls
 d - a scroll of enchant armour {unknown}
 l - a scroll of teleportation
 r - 3 scrolls of immolation
 y - 3 scrolls of fog
 B - 2 scrolls of brand weapon
 C - 2 scrolls of holy word
 G - 2 scrolls of noise
 H - 2 scrolls of enchant weapon {unknown}
 P - 3 scrolls of magic mapping
 T - a scroll of blinking {unknown}
Potions
 h - a potion of invisibility
 p - 2 potions of flight
 u - 3 potions of curing
 z - 3 potions of lignification
 F - a potion of heal wounds
 J - 2 potions of mutation {unknown}
 K - a potion of haste
 R - 3 potions of degeneration {unknown}


   Skills:
 + Level 6.0 Fighting
 + Level 6.2 Long Blades
 + Level 6.1 Maces & Flails
 + Level 7.5 Armour
 + Level 2.8 Dodging
 + Level 3.0 Stealth
 + Level 3.9 Spellcasting
 + Level 3.1 Conjurations
 + Level 0.8 Summonings
 + Level 0.8 Translocations
 * Level 4.6 Air Magic
 * Level 6.3 Poison Magic


You had 12 spell levels left.
You knew the following spells:

 Your Spells              Type           Power      Damage    Failure   Level
a - Magic Dart            Conj           52%        1d5       32%         1
b - Slow                  Hex            12%        N/A       75%         1
c - Mephitic Cloud        Conj/Pois/Air  19%        N/A       45%         3

Your spell library contained the following spells:

 Spells                   Type           Power      Damage    Failure   Level
 Swiftness                Air            19%        N/A       45%         3
 Apportation              Tloc           12%        N/A       63%         1
 Spider Form              Tmut/Pois      14%        N/A       67%         3
 Beastly Appendage        Tmut           6%         N/A       75%         1
 Blink                    Tloc           12%        N/A       77%         2
 Call Imp                 Summ           6%         N/A       77%         2
 Ensorcelled Hibernation  Hex/Ice        6%         N/A       87%         2
 Passwall                 Tmut/Erth      2%         N/A       87%         2
 Wereblood                Tmut           3%         N/A       87%         2
 Conjure Flame            Conj/Fire      8%         6-21      88%         3
 Dazzling Flash           Conj/Hex       16%        N/A       88%         3
 Ozocubu's Armour         Ice            3%         N/A       98%         3
 Agony                    Necr           3%         N/A       100%        5
 Alistair's Intoxication  Tmut/Pois      9%         N/A       100%        5
 Silence                  Hex/Air        5%         N/A       100%        5
 Ozocubu's Refrigeration  Ice            1%         4d5       100%        7
 Summon Hydra             Summ           3%         N/A       100%        7
 Sublimation of Blood     Necr           Unusable   N/A       N/A         2

Dungeon Overview and Level Annotations

Branches:
Dungeon (9/15)             Temple (1/1) D:5             Orc (0/2) D:9
Ossuary (visited)
   Lair: D:8-11

Altars:
Ashenzari
Dithmenos
Elyvilon
Fedhas
Gozag
Hepliaklqana
Nemelex Xobeh
Okawaru
Qazlal
Ru
Uskayaw
Vehumet
Wu Jian
Yredelemnul
The Shining One
Jiyva

Shops:
D:2 (   D:3 !   D:4 [   D:7 *   D:8 (


Innate Abilities, Weirdness & Mutations

Your life essence is reduced to manifest your ancestor. (-10% HP)
You are immune to sickness and miasma.
Your stone body is resilient. (AC +8)
You are immune to poison.
You resist negative energy. (rN+)
You are resistant to electric shocks. (rElec)
You are resistant to unholy torment.
You are immune to petrification.


Message History

Xochipepe closely misses the wyvern.
The wyvern bites you but does no damage.
You slash the wyvern! Your punch misses the wyvern.
The wyvern is almost dead.
The wyvern bites you!
Xochipepe hits the wyvern!
The wyvern dies!
You see here a wyvern corpse.
You now have 696 gold pieces (gained 10).
Found a helmet.
l - a scroll of teleportation
o - 268 stones (gained 26)
You see here a +0 helmet.
Okay, then.
You open the door.
There is an open door here.
You open the door.
A centaur comes into view. It is carrying a wand of acid (4).
The centaur wields a +0 shortbow.
The centaur shoots an arrow.
The arrow hits Xochipepe!
The centaur zaps a wand.
The bolt of acid hits you! The acid corrodes you!
The centaur shoots an arrow.
The arrow hits you but does no damage.
The centaur zaps a wand.
The bolt of acid hits you.
There is an open door here.
The centaur zaps a wand.
The bolt of acid hits you!! The acid corrodes you!
The centaur unwields a +0 shortbow.
The centaur hits you but does no damage.
The centaur kicks you but does no damage.
You slash the centaur!
The centaur is heavily wounded.
The centaur hits you but does no damage.
The centaur kicks you but does no damage.
You hit the centaur.
The centaur is heavily wounded.
The centaur hits you but does no damage.
The centaur kicks you but does no damage.
You hit the centaur.
The centaur is heavily wounded.
The centaur zaps a wand.
The bolt of acid hits you!!!
Ouch! That really hurt!
You die...

#.........#
#.........#
#.........####
#.............
##.........###
#......†....# #
#.###'##'##+### #
#c#.....#.....# #
#@#.....#.....####
#R'##'##'##'##'.##
#.#..#.....#[.#...
#.#..#'###'#..####
#.#..#. ..#..####
#.+..'.._..'..'...
#.#..#.....#..#...
#.#..#'###'#..#...
#.#..# . ..#..#...


You could see the friendly Xochipepe the ancestor and a centaur (ally target).

Vanquished Creatures
  A kobold demonologist (D:7)
  A troll (D:8)
  Prince Ribbit (D:5)
  Sigmund (D:2)
  Eustachio (D:6)
  Menkaure (D:7)
  A warg (D:8)
  A black bear (D:5)
  4 sky beasts
  3 orc warriors
  2 necrophages
  7 ogres
  A centaur (D:8)
  A phantom (D:5)
  2 kobold brigands (D:8)
  A bullfrog (D:6)
  10 scorpions
  5 killer bees (D:6)
  8 howler monkeys
  A lava snake (D:7)
  A centaur zombie (Ossuary)
  8 orc priests
  3 bullfrog skeletons
  8 hounds
  6 human zombies
  Crazy Yiuf (D:2)
  3 gnoll shamans (D:8)
  2 iguanas (D:5)
  Natasha (thrice) (D:2)
  8 orc wizards
  3 scorpion zombies (Ossuary)
  A killer bee zombie (D:8)
  A hound zombie (D:4)
  A hound skeleton (D:5)
  3 mummies (Ossuary)
  6 gnolls
  10 adders
  2 shadow imps (D:5)
  A white imp (D:6)
  A worm (D:4)
  2 dart slugs (D:2)
  44 orcs
  8 ball pythons
  8 endoplasms
  6 giant cockroaches
  8 hobgoblins
  4 jackals (D:2)
  10 kobolds
  10 quokkas
  7 bats
  A frilled lizard (D:1)
  A gnoll zombie (Ossuary)
  15 goblins
  2 goblin zombies (Ossuary)
  6 hobgoblin zombies (Ossuary)
  A kobold zombie (Ossuary)
  4 orc zombies
  6 rats
268 creatures vanquished.

Vanquished Creatures (collateral kills)
  A wyvern (D:9)
  A water moccasin (D:8)
  An orc warrior (D:8)
  An ogre (D:8)
  A kobold brigand (D:8)
  3 howler monkeys (D:8)
  A hound (D:8)
  2 orc priests
  4 orc wizards
  16 orcs
31 creatures vanquished.

Vanquished Creatures (others)
  3 ancestors
  An orc (D:9)
  A kobold (D:8)
  5 fungi
  5 plants
15 creatures vanquished.

Grand Total: 314 creatures vanquished

Notes
Turn   | Place    | Note
-------+----------+-------------------------------------------
     0 | D:1      | croobank the Gargoyle Hedge Wizard began the quest for the
                  | Orb.
     0 | D:1      | Reached XP level 1. HP: 10/10 MP: 4/4
   283 | D:1      | Reached XP level 2. HP: 11/15 MP: 6/6
   479 | D:1      | Reached XP level 3. HP: 2/19 MP: 8/8
   793 | D:1      | Learned a level 1 spell: Slow
   861 | D:1      | Learned a level 3 spell: Mephitic Cloud
  1490 | D:2      | Noticed Sigmund
  1518 | D:2      | Reached skill level 1 in Fighting
  1697 | D:2      | Found Zigrayl's Antique Weapon Emporium.
  1709 | D:2      | Reached XP level 4. HP: 24/25 MP: 9/9
  1720 | D:2      | Reached skill level 1 in Maces & Flails
  1763 | D:2      | Found a runed translucent door.
  1764 | D:2      | Noticed Crazy Yiuf
  1912 | D:2      | Found a faded altar of an unknown god.
  1978 | D:2      | Noticed Natasha
  1987 | D:2      | Killed Natasha
  1988 | D:2      | Reached skill level 1 in Poison Magic
  2003 | D:2      | Reached XP level 5. HP: 12/29 MP: 10/10
  2194 | D:2      | Noticed Natasha
  2214 | D:2      | Killed Natasha
  2479 | D:2      | Noticed Natasha
  2509 | D:2      | Killed Natasha
  3057 | D:3      | Found Kafuimui's Distillery.
  3436 | D:3      | Bought a potion of curing for 42 gold pieces
  3436 | D:3      | Bought a potion of might for 56 gold pieces
  3807 | D:4      | Found a sparkling altar of Nemelex Xobeh.
  3851 | D:4      | Found Caxubb's Antique Armour Shoppe.
  3861 | D:4      | Reached XP level 6. HP: 31/34 MP: 11/11
  3977 | D:4      | Found a sand-covered staircase.
  4060 | Ossuary  | Entered an ossuary
  4319 | Ossuary  | Reached skill level 1 in Air Magic
  4450 | Ossuary  | Reached XP level 7. HP: 40/40 MP: 12/12
  4529 | Ossuary  | Reached skill level 1 in Armour
  5095 | Ossuary  | Reached skill level 2 in Armour
  5095 | Ossuary  | Reached XP level 8. HP: 42/46 MP: 13/13
  5737 | D:5      | Entered Level 5 of the Dungeon
  5758 | D:5      | Reached skill level 5 in Maces & Flails
  5866 | D:5      | Reached skill level 3 in Armour
  5887 | D:5      | Identified a scroll of acquirement
  5887 | D:5      | Acquired the +1 pair of gloves of Impermeability {rC+ rN+++
                  | MP+9}
  6092 | D:5      | Noticed Prince Ribbit
  6101 | D:5      | Killed Prince Ribbit
  6192 | D:5      | Identified the +10 falchion of Futuegam {pain, Str+6}
  6306 | D:5      | Reached XP level 9. HP: 52/52 MP: 14/14
  6358 | D:5      | Reached skill level 4 in Armour
  6583 | D:5      | Found a staircase to the Ecumenical Temple.
  6591 | Temple   | Entered the Ecumenical Temple
  6595 | Temple   | Became a worshipper of Hepliaklqana the Forgotten
  7159 | D:6      | Reached skill level 1 in Long Blades
  7159 | D:6      | Noticed Eustachio
  7521 | D:2      | Killed Sigmund
  7804 | D:2      | Killed Crazy Yiuf
  7922 | D:6      | Killed Eustachio
  7923 | D:6      | Reached skill level 5 in Armour
  7981 | D:6      | Reached skill level 5 in Poison Magic
  8143 | D:6      | Identified the +4 whip "Derilloq" {vorpal, rC++ Int+5}
  8595 | D:7      | Found Taruloqi's Assorted Antiques.
  8596 | D:7      | Noticed Menkaure
  8602 | D:7      | Killed Menkaure
  8681 | D:7      | Found a stormy altar of Qazlal.
  8684 | D:7      | Found a shadowy altar of Dithmenos.
  8690 | D:7      | Found an opulent altar of Gozag.
  8693 | D:7      | Found a white marble altar of Elyvilon.
  8695 | D:7      | Found a radiant altar of Vehumet.
  8700 | D:7      | Found a sacrificial altar of Ru.
  8783 | D:8      | Noticed a kobold demonologist
  8786 | D:8      | Reached skill level 5 in Fighting
  8792 | D:8      | Noticed a smoke demon
  8802 | D:7      | Noticed a rust devil
  8805 | D:7      | Killed a kobold demonologist
  8806 | D:7      | Reached XP level 10. HP: 38/59 MP: 15/15
  8968 | D:7      | Reached skill level 6 in Armour
  9158 | D:8      | Reached * piety under Hepliaklqana
  9359 | D:8      | Reached skill level 5 in Long Blades
  9974 | D:8      | Found Suirep's Weapon Shop.
 10371 | D:8      | Reached skill level 7 in Armour
 10538 | D:8      | Found an ornate altar of the Wu Jian Council.
 10736 | D:9      | Found a staircase to the Orcish Mines.
 10783 | D:9      | Reached XP level 11. HP: 57/57 MP: 16/16
 10938 | D:9      | Found a hide-covered altar of Uskayaw.
 11029 | D:9      | Killed from afar by a centaur

Illustrated notes

Levels and vault maps discovered:
D:1:      psy_arrival_radial01, layout_loops_ring, minmay_tromino_v4_c
D:2:      cheibrodos_greedy_goblins, layout_rooms,
          dreamdust_ecumenical_altar_hidden_monk_grotto, serial_shops, shop,
          uniq_crazy_yiuf_cottage, uniq_natasha, uniq_sigmund
D:3:      layout_loops_ring, serial_shops, nicolae_shop_waterfront
D:4:      layout_loops_cross, old_standard_altar, enter_ossuary_3, serial_shops,
          kennysheep_mini
D:5:      layout_basic, minmay_temple_entry_butterflies, lemuel_another_geyser,
          uniq_prince_ribbit1
D:6:      layout_basic, uniq_eustachio
D:7:      layout_rooms, nicolae_overflow_hallway_of_the_gods, dk_noncrumbling_2,
          nicolae_lava_and_water, minmay_shop_grid_forest, kennysheep_path_1,
          uniq_menkaure
D:8:      lemuel_castle_with_subvaults [lemuel_castle_interior_carwin_1],
          layout_rooms, mainiacjoe_overflow_chevrons, serial_shops, shop
D:9:      layout_roguey, lemuel_doored_altar, lightli_temple_of_fire,
          mainiacjoe_overflow_24_doors, hiddenorc2_lemuel, uniq_pikel
Temple:   pf_slimified_temple

Skill      XL: |  1  2  3  4  5  6  7  8  9 10 |
---------------+-------------------------------+-----
Fighting       | 1 2 3 4 5 6 |  6.0
Maces & Flails | 1 2 3 4 5 6 |  6.1
Dodging        | 2 |  2.8
Poison Magic   | 1 2 3 4 5 6 |  6.3
Air Magic      | 1 2 3 4 |  4.6
Armour         | 2 3 5 7 |  7.5
Conjurations   | 2 3 |  3.1
Long Blades    | 3 6 |  6.2
Stealth        | 3 |  3.0
Spellcasting   | |  3.9
Summonings     | |  0.8
Translocations | |  0.8

Action                   |  1- 3 |  4- 6 |  7- 9 | 10-12 || total
-------------------------+-------+-------+-------+-------++-------
Melee: Dagger            |    20 |       |       |       ||    20
       Whip              |    96 |   238 |   403 |       ||   737
       Punch             |       |     2 |     8 |     3 ||    13
       Falchion          |       |       |   161 |   266 ||   427
 Cast: Magic Dart        |    19 |    12 |     1 |       ||    32
       Slow              |     1 |       |       |       ||     1
  Use: Scroll            |       |     1 |    14 |     3 ||    18
       Potion            |       |       |     2 |     2 ||     4
 Stab: Sleeping          |     3 |     4 |       |       ||     7
       Distracted        |       |       |       |     2 ||     2
Armor: Robe              |    63 |    58 |       |       ||   121
       Plate armour      |       |    38 |   357 |   281 ||   676
Dodge: Dodged            |    99 |   128 |   207 |   171 ||   605
